 Dungeon Crawl Stone Soup version 0.23-a0-494-g91793a9 (webtiles) character file.

74 Blackhawk the Skirmisher (level 4, -4/41 HPs)
             Began as a Minotaur Berserker on Dec 3, 2018.
             Was a Believer of Trog.
             Slain by a gnoll
             ... wielding a +4 flail
              (10 damage)
             ... on level 2 of the Dungeon.
             The game lasted 00:01:59 (1084 turns).

Blackhawk the Skirmisher (Minotaur Berserker)       Turns: 1084, Time: 00:02:00

Health: -4/41      AC:  2    Str: 22    XL:     4   Next: 10%
Magic:  3/3        EV: 12    Int:  4    God:    Trog [**....]
Gold:   86         SH:  0    Dex: 10    Spells: 3/3 levels left

rFire    . . .     SeeInvis .   a - +0 hand axe
rCold    . . .     Gourm    .   (no shield)
rNeg     . . .     Faith    .   b - +0 animal skin
rPois    .         Spirit   .   (helmet restricted)
rElec    .         Reflect  .   (no cloak)
rCorr    .         Harm     .   (no gloves)
MR       .....                  (no boots)
Stlth    +.........             (no amulet)
HPRegen  0.13/turn              (no ring)
MPRegen  0.08/turn              (no ring)

@: berserk cooldown
A: retaliatory headbutt, horns 2
a: Berserk, Trog's Hand, Renounce Religion


You were on level 2 of the Dungeon.
You worshipped Trog.
Trog was pleased with you.
You were hungry.

You visited 1 branch of the dungeon, and saw 2 of its levels.

You collected 86 gold pieces.

Inventory:

Hand Weapons
 a - a +0 hand axe (weapon)
Missiles
 j - 3 stones (quivered)
 n - 16 bolts
Armour
 b - a +0 animal skin (worn)
Jewellery
 f - an uncursed ring of fire {unknown}
Scrolls
 e - a scroll of teleportation {unknown}
 g - 2 scrolls of identify {unknown}
 l - a scroll of remove curse {unknown}
 m - a scroll of magic mapping {unknown}
Potions
 h - 2 potions of flight {unknown}
 i - 2 potions of invisibility {unknown}
 k - 2 potions of degeneration {unknown}
Comestibles
 c - 2 rations
 d - a chunk of flesh


   Skills:
 + Level 4.3 Fighting
 + Level 4.3 Axes
 + Level 3.3 Armour
 + Level 3.0 Dodging


You had 3 spell levels left.
You didn't know any spells.
Your spell library was empty.

Dungeon Overview and Level Annotations

Branches:
Dungeon (2/15)

Altars:


Innate Abilities, Weirdness & Mutations

You reflexively headbutt those who attack you in melee.
You have a pair of horns on your head.


Message History

The gnoll closely misses you.
You are feeling hungry.
The gnoll hits you. The gnoll barely misses you.
The gnoll hits you with a +4 flail.
* * * LOW HITPOINT WARNING * * *
The gnoll misses you. You furiously retaliate!
You headbutt the gnoll. The gnoll hits you with a +4 flail!
* * * LOW HITPOINT WARNING * * *
The gnoll closely misses you. The gnoll misses you. You furiously retaliate!
You headbutt the gnoll! The gnoll barely misses you.
The gnoll closely misses you. The gnoll hits you but does no damage.
The gnoll misses you. You furiously retaliate!
You headbutt the gnoll.
You feel yourself speed up. The gnoll hits you but does no damage.
You hit the gnoll but do no damage.
The gnoll is almost dead.
The gnoll hits you with a +4 flail!
You die...

#.##.#............#.
#.##.#............#.
#...................
######..............
####............#.
#.g.g.....#######.
#.#######.##.# #.
#g##....#.##.# ##
#@##.##.#.##..
#.##.##.#.##.#
#.##.##.#.##.#
#.......#.##.#
#########.##..#.#.##.#
#<............#.#.##.# #
#########............#####
#...........#.###.....
###.#.##....#.###.####


You could see 2 gnolls.

Vanquished Creatures
  Terence (D:2)
  2 gnolls (D:2)
  An adder (D:2)
  A leopard gecko (D:2)
  A ball python (D:1)
  A giant cockroach (D:1)
  2 goblins (D:1)
  3 hobgoblins
  2 jackals (D:1)
  2 kobolds (D:1)
  A quokka (D:2)
  A bat (D:1)
  4 frilled lizards (D:1)
  3 rats (D:1)
25 creatures vanquished.

Notes
Turn   | Place    | Note
-------+----------+-------------------------------------------
     0 | D:1      | Blackhawk the Minotaur Berserker began the quest for the
                  | Orb.
     0 | D:1      | Reached XP level 1. HP: 19/19 MP: 0/0
    74 | D:1      | Reached XP level 2. HP: 26/27 MP: 1/1
   406 | D:1      | You fall through a shaft!
   814 | D:2      | Noticed Terence
   822 | D:2      | Killed Terence
   822 | D:2      | Reached XP level 3. HP: 12/33 MP: 2/2
  1042 | D:2      | Reached ** piety under Trog
  1042 | D:2      | Reached XP level 4. HP: 25/41 MP: 3/3
  1084 | D:2      | Slain by a gnoll

Vault maps used:
D:1:      tarquinn_simple_flora_water_d, serial_bayou_pond_c
D:2:      lemuel_crystal_altar, minmay_misc_feat_doors, uniq_terence,
          uniq_natasha

Skill      XL: |  1  2  3 |
---------------+----------+-----
Fighting       | 4 |  4.3
Axes           | 4 |  4.3
Armour         | 3 |  3.3
Dodging        | 3 |  3.0

Action                   |  1- 3 |  4- 6 || total
-------------------------+-------+-------++-------
Melee: Hand axe          |    49 |     1 ||    50
       Headbutt          |     7 |       ||     7
Invok: Berserk           |     1 |       ||     1
  Eat: Chunk             |       |     1 ||     1
Armor: Animal skin       |     4 |     2 ||     6
Dodge: Dodged            |    27 |     8 ||    35

Table legend:
 A = Non-vault XP
 B = Vault XP
 C = Vault XP percentage of total XP
 D = Non-vault monster count
 E = Vault monster count
 F = Vault count percentage of total count
                 A         B        C        D         E       F
            +---------+---------+-------+---------+---------+-------
      Total |      75 |      32 |  29.9 |      24 |       1 |   4.0
            +---------+---------+-------+---------+---------+-------
        D:1 |      27 |       0 |   0.0 |      18 |       0 |   0.0
        D:2 |      48 |      32 |  40.0 |       6 |       1 |  14.3
            +---------+---------+-------+---------+---------+-------
